 Dungeon Crawl Stone Soup version 0.20.0-3-g22ec75f (webtiles) character file.

492 Kosschaser the Sneak (level 7, -5/33 HPs)
             Began as a Vine Stalker Enchanter on May 26, 2017.
             Shot with an arrow by a centaur (7 damage)
             ... on level 4 of the Dungeon.
             The game lasted 00:20:56 (2897 turns).

Kosschaser the Sneak (Vine Stalker Enchanter)       Turns: 2897, Time: 00:20:57

Health: -5/33      AC:  5    Str: 16    XL:     7   Next: 14%
Magic:  0/12       EV: 12    Int: 15    God:
Gold:   225        SH:  0    Dex: 16    Spells: 6/12 levels left

rFire    . . .     SeeInvis .   f - +2 dagger (freeze)
rCold    . . .     Gourm    .   (no shield)
rNeg     . . .     Faith    .   q - +0 troll leather armour {Purgy}
rPois    .         Spirit   +   (no helmet)
rElec    .         Reflect  .   i - scarf {cloud immunity}
rCorr    .         Harm     .   h - +0 pair of gloves
MR       .....                  (no boots)
Stlth    +++.......             (no amulet)
Regen    1.0/turn               b - ring of flight
MPRegen  0.2/turn               (no ring)

@: mighty
A: fangs 2, regeneration 1, magic shield, antimagic bite, no potion heal 3, rot
immunity
a: Evoke Flight


You were on level 4 of the Dungeon.
You were not hungry.

You visited 1 branch of the dungeon, and saw 4 of its levels.

You collected 225 gold pieces.

Inventory:

Hand Weapons
 f - a +2 dagger of freezing (weapon)
Armour
 h - a +0 pair of gloves (worn)
 i - a scarf of cloud immunity (worn)
 q - a +0 troll leather armour (worn) {Purgy}
Jewellery
 b - a ring of flight (left hand)
Wands
 o - a wand of flame (16/48)
 t - a wand of digging (6/24)
Scrolls
 a - 3 scrolls of fear {unknown}
 e - 3 scrolls of teleportation {unknown}
 k - 3 scrolls of remove curse {unknown}
 n - a scroll of immolation {unknown}
 u - 3 scrolls of identify {unknown}
 v - a scroll of magic mapping {unknown}
 y - a scroll of enchant weapon {unknown}
Potions
 g - a potion of might
 j - a potion of agility {unknown}
 l - 2 potions of heal wounds {unknown}
 m - a potion of curing {unknown}
 p - 2 potions of resistance {unknown}
 s - 2 potions of mutation {unknown}
 w - 2 potions of flight {unknown}
Books
 c - a book of Maledictions

   Spells                             Type                      Level
   a - Corona                         Hexes                        1
   b - Ensorcelled Hibernation        Hexes/Ice                    2
   c - Confuse                        Hexes                        3
   d - Tukima's Dance                 Hexes                        3
   e - Dazzling Spray                 Conjuration/Hexes            3
Comestibles
 d - 3 bread rations
 r - 2 meat rations
 x - 7 fruits
 z - 2 chunks of flesh


   Skills:
 + Level 1.2 Fighting
 + Level 2.8 Short Blades
 + Level 0.5 Armour
 + Level 2.2 Dodging
 + Level 6.6 Stealth
 + Level 3.1 Spellcasting
 + Level 4.0 Hexes
 + Level 1.6 Ice Magic


You had 6 spell levels left.
You knew the following spells:

 Your Spells              Type           Power        Failure   Level  Hunger
a - Corona                Hex            ##.....      4%          1    #......
b - Ensorcelled Hibernat  Hex/Ice        ##....       12%         2    ##.....
c - Confuse               Hex            ##......     14%         3    ###....


Dungeon Overview and Level Annotations

Branches:
Dungeon (4/15)
 Temple: D:4-7

Altars:

Shops:
D:4 (


Innate Abilities, Weirdness & Mutations

You have extremely sharp teeth.
Your natural rate of healing is unusually fast.
When hurt, damage is shared between your health and your magic reserves.
Your bite disrupts and absorbs the magic of your enemies.
Potions cannot restore your health.
You are immune to rotting.


Message History

Casting: Ensorcelled Hibernation
Confirm with . or Enter, or press ? or * to list all spells.
Aiming: Ensorcelled Hibernation
Press: ? - help, Shift-Dir - straight line, f - centaur
Aim: a centaur, wielding a shortbow (chance to defeat MR: 41%)
The centaur resists with some effort.
The centaur shoots an arrow.
The arrow hits you but does no damage.
Casting: Ensorcelled Hibernation
Confirm with . or Enter, or press ? or * to list all spells.
You don't have enough magic to cast that spell.
Okay, then.
The centaur shoots an arrow.
The arrow completely misses you.
You see here 2 arrows.
The centaur shoots an arrow.
The arrow hits you!
* * * LOW HITPOINT WARNING * * *
You see here an arrow.
It was a potion of might.
You feel very mighty all of a sudden.
The centaur shoots an arrow.
The arrow hits you!
You die...

#..............#........
#..............#........
#..##..###'##..#........
#.. #..##..#####........
#. #...........'........
# #...........#........
#...........#......##
..################......#
.......((@..............#
........................#
........................#
........................#
....c.############<.....#
...... +......# ......
#......# ##.... ......#
.....


You could see a centaur.

Vanquished Creatures
  Purgy (D:3)
  An ogre (D:3)
  A scorpion (D:4)
  Natasha (thrice) (D:2)
  A worker ant (D:4)
  Robin (D:4)
  A gnoll (D:4)
  4 adders
  2 worms (D:3)
  5 dart slugs
  3 leopard geckos
  7 orcs (D:3)
  3 giant cockroaches
  13 goblins
  8 hobgoblins
  6 jackals
  A quokka (D:2)
  2 ball pythons
  4 bats
  5 frilled lizards
  8 kobolds
  5 rats
85 creatures vanquished.

Notes
Turn   | Place    | Note
-------+----------+-------------------------------------------
     0 | D:1      | Kosschaser the Vine Stalker Enchanter began the quest for the Orb.
     0 | D:1      | Reached XP level 1. HP: 9/9 MP: 4/4
   338 | D:1      | Reached skill level 1 in Short Blades
   535 | D:1      | Reached XP level 2. HP: 13/13 MP: 6/6
   553 | D:1      | Learned a level 2 spell: Ensorcelled Hibernation
   645 | D:1      | Reached skill level 4 in Stealth
   771 | D:1      | Reached XP level 3. HP: 16/16 MP: 2/7
  1270 | D:2      | Learned a level 3 spell: Confuse
  1311 | D:2      | Noticed Natasha
  1320 | D:2      | Killed Natasha
  1320 | D:2      | Gained mutation: Your natural rate of healing is unusually fast. [Vine Stalker growth]
  1320 | D:2      | Reached XP level 4. HP: 21/21 MP: 0/8
  1551 | D:2      | Noticed Natasha
  1560 | D:2      | Killed Natasha
  1560 | D:2      | Reached skill level 5 in Stealth
  1560 | D:2      | Reached XP level 5. HP: 18/25 MP: 4/9
  1701 | D:2      | Noticed Natasha
  1711 | D:2      | Killed Natasha
  1830 | D:3      | Noticed Purgy
  1838 | D:3      | Killed Purgy
  1838 | D:3      | Reached skill level 1 in Ice Magic
  1838 | D:3      | Reached XP level 6. HP: 17/29 MP: 3/11
  2112 | D:3      | Reached skill level 1 in Fighting
  2112 | D:3      | Reached skill level 6 in Stealth
  2647 | D:4      | Found Zownar's Weapon Boutique.
  2663 | D:4      | Noticed Robin
  2686 | D:4      | Killed Robin
  2814 | D:4      | Reached XP level 7. HP: 33/33 MP: 7/12
  2896 | D:4      | HP: 1/33 [centaur/arrow (12)]
  2897 | D:4      | Shot with an arrow by a centaur

Skill      XL: |  1  2  3  4  5  6 |
---------------+-------------------+-----
Short Blades   | 1 2 |  2.8
Stealth        | 4 5 6 |  6.6
Dodging        | 2 |  2.2
Ice Magic      | 1 |  1.6
Fighting       | 1 |  1.2
Spellcasting   | 3 |  3.1
Hexes          | 4 |  4.0
Armour         | |  0.5

Action                   |  1- 3 |  4- 6 |  7- 9 || total
-------------------------+-------+-------+-------++-------
Melee: Dagger            |    53 |   122 |     4 ||   179
       Bite              |     6 |    23 |       ||    29
 Cast: Ensorcelled Hiber |    10 |    15 |     3 ||    28
       Confuse           |     1 |       |       ||     1
  Use: Potion            |       |       |     1 ||     1
 Stab: Sleeping          |    14 |    20 |     1 ||    35
       Distracted        |     1 |     1 |       ||     2
       Confused          |     1 |       |       ||     1
  Eat: Chunk             |     2 |     6 |       ||     8
Armor: Robe              |     4 |     7 |       ||    11
       Troll leather arm |       |    14 |     2 ||    16
Dodge: Dodged            |    15 |    61 |     3 ||    79
